 Dungeon Crawl Stone Soup version 0.27.1-33-g824d729ab1 (webtiles) character file.

Game seed: 4934928390510505150

28 hamarrboo the Skirmisher (level 3, -1/29 HPs)
             Began as a Human Fighter on Dec 4, 2021.
             Was a Follower of Qazlal.
             Frozen to death by an endoplasm (4 damage)
             ... on level 2 of the Dungeon.
             The game lasted 00:11:09 (1325 turns).

hamarrboo the Skirmisher (Human Fighter)            Turns: 1325, Time: 00:11:14

Health: -1/29      AC:  6    Str: 16 (17) XL:     3   Next: 27%
Magic:  3/3        EV:  7    Int:  5 (8)  God:    Qazlal [*.....]
Gold:   45         SH: 10    Dex: 10 (12) Spells: 2/2 levels left

rFire    . . .     SeeInvis +   a - +0 war axe
rCold    . . .     Faith    .   c - +0 kite shield
rNeg     . . .     Spirit   .   b - +0 scale mail
rPois    +         Reflect  .   (no helmet)
rElec    .         Harm     .   (no cloak)
rCorr    .         Rampage  .   (no gloves)
Will     .....                  (no boots)
Stlth    ..........             (no amulet)
HPRegen  0.09/turn              f - ring of poison resistance
MPRegen  0.08/turn              g - ring of see invisible

@: no status effects
A: no striking features
a: Renounce Religion


You were on level 2 of the Dungeon.
You worshipped Qazlal.
Qazlal was aware of your devotion.
You visited 1 branch of the dungeon, and saw 3 of its levels.

You collected 45 gold pieces.

Inventory:

Hand Weapons
 a - a +0 war axe (weapon)
Missiles
 h - 62 sling bullets
 j - 20 arrows
Armour
 b - a +0 scale mail (worn)
 c - a +0 kite shield (worn)
Jewellery
 f - a ring of poison resistance (left hand)
 g - a ring of see invisible (right hand)
Scrolls
 e - a scroll of fog {unknown}
 i - a scroll of magic mapping {unknown}
 l - 2 scrolls of teleportation {unknown}
Potions
 d - a potion of might
 k - a potion of degeneration


   Skills:
 + Level 3.3 Fighting
 + Level 2.4 Axes
 + Level 3.3 Armour
 + Level 0.2 Dodging
 + Level 3.2 Shields


You had 2 spell levels left.
You didn't know any spells.
Your spell library was empty.

Dungeon Overview and Level Annotations

Branches:
Dungeon (3/15)

Altars:
Qazlal


Message History

Qazlal accepts your kill.
Your shield and scale mail prevent you from hitting the endoplasm.
You hit the endoplasm but do no damage. You hit the jackal.
You barely miss the rat.
You block the jackal's attack. x2; The rat bites you.
The endoplasm barely misses you.
The jackal bites you but does no damage.
The endoplasm hits you but does no damage.
You block the jackal's attack. You block the rat's attack.
The endoplasm freezes you.
You are frozen.
* * * LOW HITPOINT WARNING * * *
The jackal barely misses you.
You barely miss the jackal.
The jackal is heavily wounded.
You barely miss the rat. You closely miss the jackal.
You barely miss the endoplasm. You hit the endoplasm.
You closely miss the hobgoblin.
The jackal bites you but does no damage.
The endoplasm hits you but does no damage.
You block the jackal's attack. The jackal closely misses you.
The rat closely misses you. You block the endoplasm's attack.
You block the hobgoblin's attack. The endoplasm freezes you.
You are frozen.
* * * LOW HITPOINT WARNING * * *
The jackal bites you but does no damage.
The jackal bites you.
* * * LOW HITPOINT WARNING * * *
The rat is struck by lightning.
You kill the rat!
Qazlal accepts your kill. The endoplasm closely misses you.
Okay, then.
It was a potion of degeneration.
There was something very wrong with that liquid.
You feel weakened.
You feel dopey.
You feel clumsy. The hobgoblin completely misses you.
You block the jackal's attack. The endoplasm freezes you.
You are frozen.
You die...

#### ...#
########....#
#.....B#....#.
#....>hh......
#...hJ@#
####....Jg#
#([......r#
#......#+#...
#........#...#
#......#.#....
#......#......
#......# #...
#......# ..


You could see 2 endoplasms, 3 jackals, a giant cockroach, a hobgoblin and a rat.

Vanquished Creatures
  A gnoll (D:1)
  2 bats (D:1)
  4 endoplasms (D:1)
  2 giant cockroaches (D:1)
  A goblin (D:1)
  A hobgoblin (D:1)
  A jackal (D:2)
  4 rats
16 creatures vanquished.

Vanquished Creatures (others)
  A quokka (D:1)
  2 demonic plants (D:1)
  A withered plant (D:1)
4 creatures vanquished.

Grand Total: 20 creatures vanquished

Notes
Turn   | Place    | Note
-------+----------+-------------------------------------------
     0 | D:1      | hamarrboo the Human Fighter began the quest for the Orb.
     0 | D:1      | Reached XP level 1. HP: 18/18 MP: 1/1
    39 | D:1      | Reached XP level 2. HP: 7/24 MP: 2/2
   420 | D:1      | Found a faded altar of an unknown god.
   429 | D:1      | Became a worshipper of Qazlal Stormbringer
   429 | D:1      | Reached * piety under Qazlal
   790 | D:1      | Reached XP level 3. HP: 29/29 MP: 3/3
  1325 | D:2      | Frozen to death by an endoplasm

Illustrated notes

Levels and vault maps discovered:
D:1:      dpeg_arrival_round_b, layout_rooms, shapermc_ecumenical_altar_gd,
          lemuel_flame_loot_1
D:2:      layout_basic, serial_shops, shop
D:3:      layout_loops_ring, nicolae_gozag_cash_rules_everything_around_me,
          minmay_misc_feat_four_crosses, corexii_shack, grunt_ministairs_13,
          serial_bayou_ford_a

Action                   || total
-------------------------++-------
Melee: War axe           ||    39
  Use: Scroll            ||     2
       Potion            ||     1
Armor: Scale mail        ||    20
Dodge: Dodged            ||    20
Block: Kite shield       ||    28
